 Dungeon Crawl Stone Soup version 0.18-a0-1426-g3b9a63c (webtiles) character file.

2351 Foomius the Scholar of Death (level 9, -5/71 HPs)
             Began as a Demonspawn Necromancer on Feb 27, 2016.
             Was a Follower of Kikubaaqudgha.
             Slain by a wyvern (10 damage)
             ... on level 7 of the Dungeon.
             The game lasted 00:34:45 (7984 turns).

Foomius the Scholar of Death (DsNe)                 Turns: 7984, Time: 00:34:45

Health: -5/71      AC:  5    Str: 13    XL:     9   Next: 20%
Magic:  12/13      EV: 12    Int: 20    God:    Kikubaaqudgha [*.....]
Gold:   385        SH:  0    Dex: 14    Spells: 5 memorised, 3 levels left

rFire  . . .     SeeInvis .     a - +2 flail (pain)
rCold  . . .     Gourm    .     k - +0 robe
rNeg   . . .     Faith    .     (no shield)
rPois  .         Spirit   .     (no helmet)
rElec  .         Dismiss  .     e - +0 cloak
rCorr  .         Reflect  .     f - +0 pair of gloves
SustAt .         Harm     .     (no boots)
MR     .....                    (no amulet)
Stlth  ++++......               (no ring)
                                (no ring)

@: mighty, drained, not resistant to hostile enchantments, stealthy
A: talons 2, molten scales 1, nightstalker 2
a: Receive Corpses, Renounce Religion


You were on level 7 of the Dungeon.
You worshipped Kikubaaqudgha.
Kikubaaqudgha was aware of your devotion.
You were not hungry.

You visited 2 branches of the dungeon, and saw 9 of its levels.

You collected 405 gold pieces.
You spent 20 gold pieces at shops.

Inventory:

Hand Weapons
 a - a +2 flail of pain (weapon)
 b - a +0 hunting sling of flaming
Missiles
 g - 297 stones
 A - 10 tomahawks (quivered)
 C - 6 sling bullets of flame
 H - 42 sling bullets
Armour
 e - a +0 cloak (worn)
 f - a +0 pair of gloves (worn)
 k - a +0 robe (worn)
 B - a +0 ring mail
Wands
 G - a wand of enslavement (10/24)
 I - a wand of lightning (13/15)
 M - a wand of heal wounds (4/9)
 N - a wand of random effects (0/48)
Scrolls
 h - 2 scrolls of teleportation {unknown}
 j - 4 scrolls of enchant armour {unknown}
 m - 5 scrolls of identify {unknown}
 t - 9 scrolls of remove curse {unknown}
 y - 2 scrolls of amnesia {unknown}
 z - a scroll of fog {unknown}
 F - 2 scrolls of recharging {unknown}
 L - a scroll of enchant weapon {unknown}
Potions
 d - a potion of agility
 i - a potion of might
 o - 2 potions of flight {unknown}
 q - a potion of haste {unknown}
 r - 2 potions of cure mutation
 s - a potion of resistance {unknown}
 u - 4 potions of lignification {unknown}
 v - a potion of degeneration {unknown}
 w - a potion of brilliance {unknown}
 D - 2 potions of heal wounds {unknown}
 O - a potion of curing {unknown}
Books
 l - a book of Necromancy

   Spells                             Type                      Level
   a - Pain                           Necromancy                   1
   b - Animate Skeleton               Necromancy                   1
   c - Vampiric Draining              Necromancy                   3
   d - Regeneration                   Charms/Necromancy            3
   e - Animate Dead                   Necromancy                   4
   f - Control Undead                 Necromancy                   4
 p - Kikubaaqudgha's Almanac of Evil Rituals
   (Kikubaaqudgha gifted it to you on level 6 of the Dungeon)

   Spells                             Type                      Level
   a - Animate Skeleton               Necromancy                   1
   b - Corpse Rot                     Necromancy                   2
   c - Sublimation of Blood           Necromancy                   2
   d - Regeneration                   Charms/Necromancy            3
   e - Control Undead                 Necromancy                   4
 E - an Akashic Record

   Spells                             Type                      Level
   a - Dispersal                      Translocation                6
   b - Malign Gateway                 Summoning/Translocation      7
   c - Disjunction                    Translocation                8
   d - Controlled Blink               Translocation                8
 K - An Introduction to Casting
   (You found it on level 6 of the Dungeon)

   Spells                             Type                      Level
   a - Infusion                       Charms                       1
   b - Corona                         Hexes                        1
   c - Freeze                         Ice                          1
   d - Animate Skeleton               Necromancy                   1
   e - Beastly Appendage              Transmutation                1
Comestibles
 c - 9 bread rations
 n - 4 meat rations
 x - a slice of pizza
 J - 5 chunks of flesh


   Skills:
 - Level 6.6(6.0) Fighting
 + Level 5.4(4.8) Maces & Flails
 - Level 1.7(1.2) Dodging
 - Level 1.7(1.2) Stealth
 - Level 2.8(2.3) Spellcasting
 - Level 2.1(1.6) Charms
 + Level 9.4(8.7) Necromancy


You had 3 spell levels left.
You knew the following spells:

 Your Spells              Type           Power        Failure   Level  Hunger
a - Pain                  Necr           ####         1%          1    #......
b - Animate Skeleton      Necr           N/A          1%          1    #......
g - Regeneration          Chrm/Necr      ###.......   8%          3    ###....
s - Sublimation of Blood  Necr           #####.....   1%          2    ##.....
v - Vampiric Draining     Necr           #####.....   1%          3    ###....


Dungeon Overview and Level Annotations

Branches:
Dungeon (8/15)             Temple (1/1) D:4
   Lair: D:8-11

Altars:
Ashenzari
Cheibriados
Dithmenos
Elyvilon
Fedhas
Kikubaaqudgha
Makhleb
Nemelex Xobeh
Okawaru
Pakellas
Qazlal
Ru
Trog
Vehumet
Xom
Yredelemnul
Zin
The Shining One

Shops:
D:4 =

Annotations:
D:5 Kidiri's ghost, amateur DEFE
D:8 zkyp's ghost, novice DrAE


Innate Abilities, Weirdness & Mutations

You have razor-sharp toenails.
You are partially covered in molten scales (AC +1).
You are significantly more attuned to the shadows.


Message History

The ogre barely misses you.
You sock the ogre!
The ogre writhes in agony.
The ogre is heavily wounded.
The wyvern bites you!
Your adder skeleton bites the wyvern.
The ogre closely misses you. The wyvern bites you!
* * * LOW HITPOINT WARNING * * *
Your adder skeleton closely misses the wyvern.
Your adder skeleton bites the ogre.
The wyvern bites you!
* * * LOW HITPOINT WARNING * * *
Drink which item? (? for menu, Esc to quit)
It was a potion of cure mutation.
It has a very clean taste.
The ogre hits your adder skeleton with a giant club!
Your adder skeleton is destroyed!
The wyvern bites you but does no damage.
Drink which item? (? for menu, Esc to quit)
It was a potion of might.
You feel very mighty all of a sudden. The wyvern bites you!
You die...
Kikubaaqudgha rasps: "You have failed me!
Welcome... death!"

## ##...# ##..#....## #<.#
.######....#
##.#####...#####..#
.....>.....####.##
##........##
..####....###..##
##..####### #### ##...# #..#
#..## #..####...# ##.###
###..# ..........#
#...###....##### ..###.....#
##.............#### .##
##.>..####Ol@.......#####..#
.# ##....##..####.....##
##.## .# #....#..##
##..#..## #..# .# #####..##
#.###..## ##.# .# ##.## ##.#
##..## #.< .######
#..#####..# ##..# ##.
###...# ##.......## ##.# ##
##....# ######### #.#
#....## ###### #### #.##


You could see a wyvern and an ogre.

Vanquished Creatures
  A spriggan (D:7)
  2 hungry ghosts (D:7)
  An orc warrior (D:7)
  A sky beast (D:7)
  3 ogres (D:6)
  A phantom (D:4)
  A centaur (D:6)
  4 giant frogs
  A wyvern zombie (D:6)
  2 scorpions (D:7)
  A wyvern skeleton (D:7)
  2 hounds
  4 jellies
  An orc priest (D:8)
  6 orc wizards
  2 iguanas
  4 worker ants
  10 adders
  A shadow imp (D:6)
  An ooze (D:5)
  5 worms
  3 dart slugs
  6 giant geckos
  17 orcs
  6 bats
  3 giant cockroaches
  5 goblins
  10 hobgoblins
  4 jackals
  4 quokkas
  5 giant newts
  6 kobolds
  7 rats
130 creatures vanquished.

Vanquished Creatures (collateral kills)
  An ice beast (D:6)
  A giant frog (D:6)
  2 orc priests
  A worker ant (D:6)
  A worm (D:4)
  A dart slug (D:2)
  4 orcs
  A bat (D:2)
12 creatures vanquished.

Vanquished Creatures (others)
  An orc (D:4)
1 creature vanquished.

Grand Total: 143 creatures vanquished

Notes
Turn   | Place    | Note
--------------------------------------------------------------
     0 | D:1      | Foomius the Demonspawn Necromancer began the quest for the Orb.
     0 | D:1      | Reached XP level 1. HP: 13/13 MP: 3/3
    77 | D:1      | Reached skill level 1 in Fighting
   357 | D:1      | Gained mutation: You are partially covered in molten scales (AC +1). [demonic ancestry]
   357 | D:1      | Reached XP level 2. HP: 14/21 MP: 1/5
  1131 | D:2      | Found a sacrificial altar of Ru.
  1135 | D:2      | Gained mutation: You have sharp toenails. [demonic ancestry]
  1135 | D:2      | Reached XP level 3. HP: 24/28 MP: 1/6
  1303 | D:2      | Learned a level 3 spell: Vampiric Draining
  1526 | D:2      | Reached XP level 4. HP: 31/35 MP: 7/7
  1538 | D:2      | Learned a level 3 spell: Regeneration
  1809 | D:2      | Found a shattered altar of Ashenzari.
  2026 | D:2      | Learned a level 1 spell: Animate Skeleton
  2775 | D:3      | Found a glowing silver altar of Zin.
  2953 | D:4      | Reached skill level 1 in Charms
  2953 | D:4      | Gained mutation: You have razor-sharp toenails. [demonic ancestry]
  2953 | D:4      | Reached XP level 5. HP: 23/42 MP: 2/9
  3015 | D:4      | Noticed a phantom
  3216 | D:4      | Found a staircase to the Ecumenical Temple.
  3233 | Temple   | Entered the Ecumenical Temple
  3318 | Temple   | Became a worshipper of Kikubaaqudgha
  3432 | D:4      | Found Dirr's Jewellery Shoppe.
  3453 | D:4      | Bought a cursed amulet of inaccuracy for 20 gold pieces
  3723 | D:4      | Reached XP level 6. HP: 33/49 MP: 2/10
  4052 | D:4      | Reached skill level 5 in Fighting
  4339 | D:4      | Reached skill level 5 in Necromancy
  4463 | D:5      | Entered Level 5 of the Dungeon
  4640 | D:5      | Gained mutation: You are slightly more attuned to the shadows. [demonic ancestry]
  4640 | D:5      | Reached XP level 7. HP: 52/56 MP: 6/11
  4711 | D:5      | Noticed Kidiri's ghost (amateur DEFE)
  5334 | D:6      | Reached skill level 6 in Necromancy
  5568 | D:6      | Reached * piety under Kikubaaqudgha
  5568 | D:6      | Received a gift from Kikubaaqudgha
  5583 | D:6      | Identified Kikubaaqudgha's Almanac of Evil Rituals (Kikubaaqudgha gifted it to you on level 6 of the Dungeon)
  5677 | D:6      | Found a shimmering altar of Xom.
  5688 | D:6      | Learned a level 2 spell: Sublimation of Blood
  5783 | D:6      | Reached skill level 1 in Maces & Flails
  5783 | D:6      | Reached skill level 7 in Necromancy
  5783 | D:6      | Reached XP level 8. HP: 41/65 MP: 8/12
  5863 | D:6      | Found a basalt altar of Yredelemnul.
  5924 | D:6      | Identified An Introduction to Casting
  6391 | D:5      | Found a snail-covered altar of Cheibriados.
  6392 | D:5      | Found an iron altar of Okawaru.
  6860 | D:7      | Reached skill level 8 in Necromancy
  7367 | D:7      | Reached skill level 9 in Necromancy
  7367 | D:7      | Gained mutation: You are significantly more attuned to the shadows. [demonic ancestry]
  7367 | D:7      | Reached XP level 9. HP: 65/71 MP: 6/13
  7545 | D:7      | Reached skill level 5 in Maces & Flails
  7895 | D:8      | Noticed zkyp's ghost (novice DrAE)
  7984 | D:7      | Slain by a wyvern

Vault maps used:
D:1:      matt_arrival_grand_opening, hangedman_decor_growths
D:2:      overflow_temple_1_default, lemuel_round_altar, minmay_vboxes
D:3:      zin_scriptorium
D:4:      temple_doors_e, first_bread, serial_shops, shop
D:5:      gammafunk_temple_overflow_pools
D:6:      overflow_temple_1_default, basic_altar, hangedman_decor_opposing
D:7:      the_bakery
D:8:      lemuel_upstairs_altar, lemuel_doored_altar, dk_rats_in_the_wall
Temple:   circular_temple_12

Skill      XL: |  1  2  3  4  5  6  7  8  9 |
---------------+----------------------------+-----
Fighting       | 1 2 3 4 5 6 |  6.6
Charms         | 1 2 |  2.1
Necromancy     | 5 7 9 |  9.4
Maces & Flails | 1 4 5 |  5.4
Dodging        | |  1.7
Stealth        | |  1.7
Spellcasting   | |  2.8

Action                   |  1- 3 |  4- 6 |  7- 9 || total
-------------------------+-------+-------+-------++-------
Melee: Club              |    18 |       |       ||    18
       Dagger            |    10 |    45 |     1 ||    56
       Flail             |       |    12 |   117 ||   129
 Fire: Hunting sling     |    15 |    47 |    15 ||    77
Throw: Stone             |     1 |       |       ||     1
       Tomahawk          |       |    12 |     8 ||    20
 Cast: Pain              |    46 |    76 |    76 ||   198
       Animate Skeleton  |       |    19 |    12 ||    31
       Vampiric Draining |       |     1 |     4 ||     5
       Regeneration      |       |     1 |     6 ||     7
Evoke: Wand              |       |     1 |     3 ||     4
  Use: Potion            |       |     1 |     4 ||     5
 Stab: Distracted        |       |     1 |     3 ||     4
       Sleeping          |       |       |     4 ||     4
  Eat: Chunk             |     2 |    11 |    10 ||    23
       Fruit             |       |       |     3 ||     3
       Meat ration       |       |       |     1 ||     1
       Beef jerky        |       |       |     1 ||     1
